Map: Last Remnant

Players

Odin

  • Race: Zerg Zerg
  • League: Platinum
  • Spawn Location: 9:00

A.I. 1 (Harder) - Winner!

  • Race: Terran Terran
  • Spawn Location: 3:00

A.I. 2 (Harder) - Winner!

  • Race: Terran Terran
  • Spawn Location: 1:00

A.I. 3 (Harder) - Winner!

  • Race: Terran Terran
  • Spawn Location: 12:00

A.I. 4 (Harder) - Winner!

  • Race: Terran Terran
  • Spawn Location: 12:00

VOD

Have the link to the VOD?

Description

Time

  • Played on: Dec. 17, 2018, 1:07 p.m.
  • Length: 6:34
Show
View Real Time Build Order
Export as new Build Order

Odin Zerg 

Build Orders: Pool First 

Get SALT Encoding   

  12  0:10  Extractor  
  11  0:23  Spawning Pool  
  11  0:27  Drone  
  11  0:37  Drone  
  11  0:38  Drone  
  13  0:55  Overlord  
  13  1:15  Zergling x4  
  13  1:16  Zergling x2  
  16  1:20  Metabolic Boost  
  16  1:34  Zergling x2  
  16  1:35  Queen  
  19  1:44  Zergling x2  
  19  2:03  Zergling x2  
  19  2:04  Zergling x2  
  21  2:14  Zergling x2  
  21  2:30  Overlord  
  21  2:31  Hatchery  
  20  2:43  Zergling x4  
  19  2:56  Zergling x4  
  19  2:57  Zergling x2  
  20  3:17  Zergling x4  
  20  3:33  Zergling x8  
  24  3:44  Zergling x2  
  22  3:56  Zergling x2  
  19  4:28  Spore Crawler  
  14  4:32  Overlord  
  14  4:37  Drone x3  
  16  4:47  Queen  
  18  4:57  Spore Crawler  
  17  5:04  Drone x4  
  17  5:05  Extractor, Drone x4  
  17  5:06  Drone  
  26  5:07  Drone  
  26  5:21  Lair  
  26  5:41  Drone x6  
  32  5:46  Overlord  
  32  6:19  Hatchery  
  32  6:23  Hydralisk Den  
Show
View Real Time Build Order
Export as new Build Order

A.I. 1 (Harder) Terran - Winner!

Build Orders: 1/1/1 

Get SALT Encoding   

  12  0:01  SCV  
  13  0:13  SCV  
  14  0:19  Supply Depot  
  14  0:25  SCV  
  15  0:35  Refinery  
  15  0:41  SCV  
  16  0:48  Barracks  
  16  0:53  SCV  
  17  0:57  Refinery  
  17  1:05  SCV  
  18  1:17  SCV  
  18  1:18  Supply Depot  
  19  1:40  Factory  
  19  1:45  Orbital Command  
  19  2:11  SCV  
  20  2:26  Starport  
  20  2:27  SCV  
  20  2:28  Starport  
  20  2:29  Marine  
  22  2:39  SCV  
  22  2:43  Hellion  
  25  2:47  Marine  
  23  2:56  SCV  
  21  3:04  Starport Tech Lab x2  
  21  3:05  Marine  
  22  3:08  SCV  
  20  3:22  Marine, Banshee  
  20  3:25  SCV  
  19  3:37  SCV  
  20  3:49  SCV  
  21  4:01  SCV, Banshee  
  25  4:13  SCV  
  25  4:14  Supply Depot  
  25  4:16  Marine  
  24  4:25  SCV  
  20  4:37  SCV  
  21  4:50  SCV  
  22  5:02  SCV  
  23  5:12  Viking  
  23  5:14  SCV  
  26  5:24  Banshee  
  26  5:26  SCV  
  30  5:38  SCV  
  30  5:41  Banshee  
  34  5:47  Supply Depot  
  34  5:51  SCV  
  35  6:05  SCV  
  38  6:13  Barracks Tech Lab  
  38  6:17  SCV  
  39  6:26  Engineering Bay  
Show
View Real Time Build Order
Export as new Build Order

A.I. 2 (Harder) Terran - Winner!

Build Orders: Command Center First (CC) 

Get SALT Encoding   

  12  0:01  SCV  
  13  0:13  SCV  
  14  0:20  Supply Depot  
  14  0:25  SCV  
  15  0:42  SCV  
  16  0:59  Command Center  
  16  1:05  Refinery  
  16  1:17  SCV  
  17  1:18  Barracks  
  17  1:26  Refinery  
  17  1:29  SCV  
  18  1:42  SCV  
  18  1:45  Supply Depot  
  19  2:10  Factory  
  19  2:16  Orbital Command  
  19  2:23  SCV  
  20  2:35  SCV  
  19  2:42  SCV  
  13  2:47  SCV  
  9  2:54  SCV  
  10  2:59  SCV  
  11  3:06  SCV  
  11  3:11  SCV  
  13  3:18  SCV  
  14  3:23  SCV  
  15  3:30  SCV  
  16  3:36  SCV  
  17  3:42  SCV  
  17  3:47  Starport  
  17  3:48  SCV  
  19  3:56  Starport  
  19  4:01  SCV  
  19  4:14  SCV  
  19  4:21  Marine  
  19  4:22  SCV, Hellion  
  23  4:24  Starport Tech Lab  
  23  4:33  Starport Tech Lab  
  23  4:34  SCV  
  24  4:39  Marine  
  24  4:43  Hellion, Banshee  
  30  4:48  SCV  
  31  5:01  SCV, Banshee  
  35  5:13  SCV  
  36  5:21  SCV  
  37  5:25  SCV  
  37  5:26  Viking, Engineering Bay  
  40  5:29  Supply Depot  
  40  5:38  SCV  
  41  5:44  Banshee  
  44  5:51  SCV x2  
  49  5:58  Supply Depot  
  49  6:03  SCV  
  50  6:12  Refinery  
  50  6:15  Refinery  
  50  6:20  SCV x2  
  52  6:31  Supply Depot  
Show
View Real Time Build Order
Export as new Build Order

A.I. 3 (Harder) Terran - Winner!

Build Orders: Command Center First (CC) 

Get SALT Encoding   

  12  0:01  SCV  
  13  0:13  SCV  
  14  0:20  Supply Depot  
  14  0:25  SCV  
  15  0:42  SCV  
  16  1:01  Command Center  
  16  1:04  Refinery  
  16  1:18  Barracks, SCV  
  17  1:26  Refinery  
  17  1:30  SCV  
  18  1:43  SCV  
  18  1:45  Supply Depot  
  19  2:08  SCV  
  19  2:13  SCV  
  15  2:20  SCV  
  15  2:26  SCV  
  16  2:33  SCV  
  17  2:39  SCV  
  18  2:45  SCV  
  19  3:05  Factory  
  19  3:13  Orbital Command  
  19  3:18  SCV  
  20  3:34  SCV  
  20  3:49  SCV  
  21  3:58  Marine  
  23  4:02  SCV  
  23  4:05  Starport  
  23  4:08  Starport  
  22  4:15  SCV  
  22  4:16  Marine  
  24  4:27  SCV  
  25  4:34  Marine  
  26  4:41  SCV, Starport Tech Lab  
  26  4:44  Starport Tech Lab  
  27  4:53  SCV  
  27  4:59  Viking  
  30  5:02  Banshee  
  30  5:06  SCV  
  34  5:16  Supply Depot  
  34  5:20  SCV  
  35  5:29  Banshee  
  35  5:33  SCV  
  39  5:38  SCV  
  40  5:45  SCV, Banshee  
  40  5:48  Supply Depot  
  44  5:51  Barracks Tech Lab  
  44  5:59  Engineering Bay  
  44  6:10  SCV  
  44  6:11  SCV  
  46  6:12  Refinery  
  46  6:15  Refinery  
  50  6:31  Supply Depot  
Show
View Real Time Build Order
Export as new Build Order

A.I. 4 (Harder) Terran - Winner!

Build Orders: Command Center First (CC) 

Get SALT Encoding   

  12  0:01  SCV  
  13  0:13  SCV  
  14  0:20  Supply Depot  
  14  0:25  SCV  
  15  0:42  SCV  
  16  0:58  Command Center  
  16  1:03  Refinery  
  16  1:18  Barracks, SCV  
  17  1:26  Refinery  
  17  1:30  SCV  
  18  1:42  SCV  
  18  1:44  Supply Depot  
  19  2:10  Factory  
  19  2:17  Orbital Command  
  19  2:23  SCV  
  20  2:35  SCV  
  21  2:49  SCV  
  22  2:57  Starport  
  22  2:59  Starport  
  22  3:02  SCV  
  23  3:14  SCV  
  24  3:29  SCV  
  25  3:34  Starport Tech Lab  
  25  3:35  Marine, Starport Tech Lab  
  25  3:42  SCV  
  25  3:47  SCV  
  20  3:53  Marine  
  20  3:54  SCV  
  17  3:55  Banshee  
  17  3:59  SCV  
  17  4:00  Banshee  
  22  4:06  SCV  
  22  4:11  SCV  
  23  4:18  SCV  
  23  4:23  SCV  
  25  4:30  SCV  
  25  4:38  Viking  
  25  4:43  SCV  
  28  4:57  SCV  
  29  5:00  SCV  
  30  5:09  SCV  
  30  5:11  Banshee  
  30  5:12  SCV  
  35  5:20  Engineering Bay  
  35  5:21  SCV  
  36  5:24  SCV  
  37  5:31  Banshee  
  37  5:33  SCV  
  37  5:34  Supply Depot  
  41  5:36  SCV  
  42  5:45  SCV  
  42  5:48  SCV  
  44  5:52  Barracks Tech Lab  
  44  5:54  Viking  
  46  6:17  Supply Depot  
  48  6:19  SCV x2  
  48  6:20  Refinery  
  48  6:23  Refinery  
  50  6:32  Armory  
Tags
 
Add a new tag
Caveats
  • Supply blocks, unpowered buildings, or Contaminate may cause inaccurate times.
  • Supply counts are checked every 10 seconds.